[ AOE2 MATCH · #506725618 ]
UnrankedTatars vs Teutons
Player's team · WIN
Rival team · LOSS
[ REPLAY ANALYSIS · EXTRACTED FROM THE RECORDED GAME ]
Feudal
9:24
Castle
19:56
Imperial
39:49
| APM avg | 81.7 |
| APM peak | 124 |
| eAPM avg | 40.8 |
| Villagers / military | 149 / 165 |
Focus
⚔️ 18.5% · 🌾 81.5%
Camel Scout ×44 · Cavalry Archer ×37 · Skirmisher ×21 · Archer ×16 · Knight ×16 · Mangonel ×13
Feudal
12:15
Castle
22:59
Imperial
39:22
| APM avg | 60.8 |
| APM peak | 103 |
| eAPM avg | 26.5 |
| Villagers / military | 120 / 102 |
Focus
⚔️ 29.7% · 🌾 70.3%
Skirmisher ×27 · Spearman ×20 · Archer ×18 · Knight ×18 · Mangonel ×7 · Trebuchet (Packed) ×4
Match map
Initial resources + every placement click. Lines = walls · curves = elevation contours. ◆ gold · ⬟ stone · ● berries · ✦ relic · ◌ wall gap
Your base· Open — unwalled flank
Fs.ShaDoWn's base· Open — unwalled flank
Smoothed initial terrain · ◌ = detected wall gap · hover for details
Inputs per minute
— WryPig - - Fs.ShaDoWn
Build order — WryPig
First 150 of 528 actions detected
| 0:00 | Queue | Villager (Male) |
| 0:00 | Queue | Villager (Male) |
| 0:00 | Queue | Villager (Male) |
| 0:01 | Queue | Villager (Male) |
| 0:02 | Build | House |
| 0:03 | Build | House |
| 1:23 | Queue | Villager (Male) |
| 1:23 | Queue | Villager (Male) |
| 1:50 | Queue | Villager (Male) |
| 1:50 | Queue | Villager (Male) |
| 1:55 | Build | Lumber Camp |
| 2:04 | Queue | Villager (Male) |
| 2:47 | Queue | Villager (Male) |
| 2:47 | Queue | Villager (Male) |
| 3:32 | Queue | Villager (Male) |
| 3:33 | Queue | Villager (Male) |
| 3:33 | Queue | Villager (Male) |
| 3:36 | Queue | Villager (Male) |
| 4:34 | Queue | Villager (Male) |
| 5:05 | Queue | Villager (Male) |
| 5:38 | Research | Loom |
| 5:54 | Build | Barracks |
| 6:04 | Queue | Villager (Male) |
| 6:41 | Queue | Villager (Male) |
| 7:06 | Build | Palisade Wall |
| 7:08 | Build | Palisade Wall |
| 7:14 | Research | Feudal Age |
| 7:14 | Research | Feudal Age |
| 7:25 | Build | Palisade Gate |
| 7:28 | Build | Palisade Gate |
| 7:35 | Build | Palisade Wall |
| 7:37 | Build | Palisade Wall |
| 7:41 | Build | Palisade Wall |
| 7:56 | Build | Palisade Wall |
| 8:06 | Build | House |
| 8:09 | Build | Palisade Gate |
| 8:14 | Queue | Villager (Male) |
| 8:47 | Build | House |
| 8:59 | Queue | Villager (Male) |
| 9:21 | Queue | Villager (Male) |
| 9:24 | Age | Feudal Age |
| 9:28 | Build | Archery Range |
| 9:31 | Build | Mining Camp |
| 9:48 | Research | Double-Bit Axe |
| 9:58 | Queue | Archer |
| 10:02 | Queue | Skirmisher |
| 10:17 | Queue | Villager (Male) |
| 10:52 | Build | Palisade Wall |
| 11:03 | Queue | Archer |
| 11:10 | Build | Mill |
| 11:12 | Queue | Villager (Male) |
| 11:12 | Queue | Villager (Male) |
| 11:12 | Queue | Villager (Male) |
| 11:20 | Build | Palisade Wall |
| 11:32 | Queue | Archer |
| 11:51 | Queue | Villager (Male) |
| 11:54 | Build | House |
| 12:00 | Build | Market |
| 12:08 | Queue | Villager (Male) |
| 12:14 | Queue | Archer |
| 12:25 | Build | Farm |
| 12:28 | Build | Farm |
| 12:55 | Queue | Archer |
| 12:55 | Queue | Archer |
| 13:50 | Build | House |
| 13:59 | Queue | Villager (Male) |
| 14:03 | Build | Farm |
| 14:03 | Build | Farm |
| 14:08 | Build | Blacksmith |
| 14:13 | Build | Palisade Wall |
| 14:18 | Build | House |
| 14:38 | Queue | Archer |
| 14:54 | Queue | Villager (Male) |
| 15:15 | Queue | Villager (Male) |
| 15:38 | Queue | Archer |
| 15:38 | Queue | Archer |
| 16:06 | Queue | Villager (Male) |
| 16:10 | Build | Farm |
| 16:14 | Build | Archery Range |
| 16:17 | Build | House |
| 16:42 | Queue | Villager (Male) |
| 17:14 | Build | Lumber Camp |
| 17:16 | Research | Castle Age |
| 17:16 | Research | Castle Age |
| 17:16 | Research | Castle Age |
| 17:24 | Build | House |
| 17:30 | Build | House |
| 17:32 | Build | Palisade Wall |
| 17:38 | Queue | Archer |
| 18:06 | Research | Fletching |
| 18:06 | Research | Fletching |
| 18:07 | Queue | Archer |
| 18:07 | Queue | Archer |
| 18:27 | Build | Farm |
| 18:29 | Research | Gold Mining |
| 18:46 | Queue | Archer |
| 18:46 | Queue | Archer |
| 19:07 | Build | Farm |
| 19:13 | Queue | Archer |
| 19:14 | Queue | Archer |
| 19:56 | Age | Castle Age |
| 19:58 | Research | Bodkin Arrow |
| 19:58 | Research | Bodkin Arrow |
| 20:00 | Queue | Cavalry Archer |
| 20:00 | Queue | Cavalry Archer |
| 20:03 | Queue | Villager (Male) |
| 20:03 | Queue | Villager (Male) |
| 20:08 | Build | Town Center |
| 20:21 | Queue | Villager (Male) |
| 20:21 | Queue | Villager (Male) |
| 20:22 | Queue | Villager (Male) |
| 20:31 | Queue | Cavalry Archer |
| 20:32 | Queue | Cavalry Archer |
| 20:32 | Queue | Cavalry Archer |
| 20:32 | Queue | Cavalry Archer |
| 21:02 | Queue | Cavalry Archer |
| 21:03 | Queue | Cavalry Archer |
| 21:18 | Queue | Villager (Male) |
| 21:23 | Queue | Villager (Male) |
| 21:36 | Queue | Cavalry Archer |
| 21:37 | Queue | Cavalry Archer |
| 21:40 | Build | Farm |
| 21:40 | Build | Farm |
| 21:41 | Build | Farm |
| 21:41 | Build | Farm |
| 21:41 | Build | Farm |
| 21:42 | Queue | Villager (Male) |
| 22:21 | Queue | Villager (Male) |
| 22:21 | Queue | Villager (Male) |
| 22:22 | Queue | Villager (Male) |
| 22:23 | Queue | Villager (Male) |
| 22:40 | Queue | Villager (Male) |
| 22:47 | Build | Siege Workshop |
| 22:52 | Queue | Cavalry Archer |
| 22:52 | Queue | Cavalry Archer |
| 22:52 | Queue | Villager (Male) |
| 22:52 | Queue | Villager (Male) |
| 22:57 | Queue | Villager (Male) |
| 22:57 | Queue | Villager (Male) |
| 23:15 | Build | Siege Workshop |
| 23:21 | Queue | Cavalry Archer |
| 23:21 | Queue | Cavalry Archer |
| 23:24 | Queue | Villager (Male) |
| 23:24 | Queue | Villager (Male) |
| 23:27 | Build | Farm |
| 23:27 | Build | Farm |
| 23:28 | Build | Farm |
| 23:28 | Build | Farm |
| 23:32 | Build | Farm |
| 23:33 | Queue | Villager (Male) |
Build order — Fs.ShaDoWn
First 150 of 353 actions detected
| 0:00 | Queue | Villager (Male) |
| 0:01 | Queue | Villager (Male) |
| 0:01 | Queue | Villager (Male) |
| 0:01 | Queue | Villager (Male) |
| 0:04 | Build | House |
| 1:18 | Build | Barracks |
| 1:35 | Queue | Villager (Male) |
| 2:05 | Queue | Villager (Male) |
| 2:05 | Queue | Villager (Male) |
| 2:25 | Queue | Villager (Male) |
| 2:57 | Queue | Militia |
| 3:11 | Build | House |
| 3:18 | Queue | Villager (Male) |
| 3:44 | Queue | Villager (Male) |
| 3:55 | Queue | Militia |
| 4:08 | Queue | Villager (Male) |
| 4:16 | Build | House |
| 4:33 | Queue | Militia |
| 4:37 | Queue | Villager (Male) |
| 4:40 | Queue | Villager (Male) |
| 4:40 | Queue | Villager (Male) |
| 5:04 | Queue | Villager (Male) |
| 5:47 | Queue | Villager (Male) |
| 5:50 | Build | House |
| 6:06 | Queue | Villager (Male) |
| 6:07 | Queue | Villager (Male) |
| 6:44 | Build | Lumber Camp |
| 7:06 | Build | House |
| 7:07 | Queue | Villager (Male) |
| 7:29 | Queue | Villager (Male) |
| 8:00 | Queue | Villager (Male) |
| 8:05 | Build | Mill |
| 8:28 | Queue | Villager (Male) |
| 8:43 | Queue | Villager (Male) |
| 9:23 | Build | Lumber Camp |
| 9:26 | Research | Loom |
| 9:34 | Build | House |
| 9:34 | Build | House |
| 9:45 | Build | Mining Camp |
| 10:05 | Research | Feudal Age |
| 11:12 | Build | Palisade Wall |
| 11:46 | Queue | Villager (Male) |
| 12:08 | Queue | Villager (Male) |
| 12:15 | Age | Feudal Age |
| 12:17 | Build | Archery Range |
| 12:20 | Build | Market |
| 12:23 | Queue | Villager (Male) |
| 12:27 | Research | Double-Bit Axe |
| 12:41 | Research | Horse Collar |
| 12:43 | Build | Farm |
| 12:45 | Build | Farm |
| 13:04 | Build | Blacksmith |
| 13:24 | Build | House |
| 13:26 | Queue | Archer |
| 13:26 | Queue | Archer |
| 13:30 | Build | Farm |
| 13:31 | Build | Farm |
| 13:32 | Build | Farm |
| 13:33 | Queue | Archer |
| 13:33 | Queue | Archer |
| 13:33 | Queue | Archer |
| 13:33 | Queue | Archer |
| 13:46 | Queue | Villager (Male) |
| 13:53 | Build | Farm |
| 13:53 | Build | Farm |
| 14:06 | Build | House |
| 14:13 | Build | Palisade Wall |
| 14:16 | Queue | Archer |
| 14:16 | Queue | Archer |
| 14:17 | Queue | Archer |
| 14:51 | Build | House |
| 14:55 | Build | Farm |
| 14:56 | Build | Farm |
| 14:59 | Build | Watch Tower |
| 15:03 | Queue | Archer |
| 15:03 | Queue | Archer |
| 15:23 | Build | Farm |
| 15:24 | Build | Farm |
| 15:38 | Queue | Villager (Male) |
| 15:38 | Queue | Villager (Male) |
| 15:39 | Queue | Villager (Male) |
| 15:43 | Build | Archery Range |
| 16:00 | Build | House |
| 16:12 | Research | Padded Archer Armor |
| 16:17 | Research | Fletching |
| 16:20 | Build | Farm |
| 16:21 | Build | Farm |
| 16:22 | Queue | Archer |
| 16:52 | Queue | Villager (Male) |
| 17:00 | Queue | Villager (Male) |
| 17:08 | Build | Farm |
| 17:10 | Build | Farm |
| 17:28 | Build | Farm |
| 17:29 | Queue | Archer |
| 17:29 | Queue | Archer |
| 17:31 | Build | House |
| 17:43 | Queue | Archer |
| 18:13 | Queue | Archer |
| 18:21 | Queue | Villager (Male) |
| 18:29 | Build | Lumber Camp |
| 18:32 | Queue | Villager (Male) |
| 18:37 | Queue | Archer |
| 18:37 | Queue | Archer |
| 19:08 | Build | House |
| 19:09 | Build | House |
| 19:10 | Build | House |
| 19:12 | Build | House |
| 19:13 | Build | House |
| 19:14 | Queue | Villager (Male) |
| 19:16 | Queue | Villager (Male) |
| 20:19 | Research | Castle Age |
| 20:28 | Queue | Skirmisher |
| 20:28 | Queue | Skirmisher |
| 20:28 | Queue | Skirmisher |
| 20:29 | Queue | Skirmisher |
| 20:46 | Queue | Skirmisher |
| 20:46 | Queue | Skirmisher |
| 21:04 | Build | House |
| 21:28 | Queue | Skirmisher |
| 21:28 | Queue | Skirmisher |
| 21:28 | Queue | Skirmisher |
| 21:47 | Queue | Skirmisher |
| 21:48 | Queue | Skirmisher |
| 22:01 | Build | Palisade Wall |
| 22:33 | Build | Palisade Wall |
| 22:44 | Queue | Villager (Male) |
| 22:45 | Queue | Skirmisher |
| 22:59 | Age | Castle Age |
| 23:05 | Research | Bodkin Arrow |
| 23:06 | Research | Bodkin Arrow |
| 23:07 | Research | Elite Skirmisher (upgrade) |
| 23:07 | Research | Elite Skirmisher (upgrade) |
| 23:10 | Queue | Villager (Male) |
| 23:10 | Queue | Villager (Male) |
| 23:26 | Build | Town Center |
| 23:41 | Queue | Skirmisher |
| 23:41 | Queue | Skirmisher |
| 23:42 | Queue | Skirmisher |
| 23:42 | Queue | Villager (Male) |
| 23:46 | Queue | Villager (Male) |
| 23:46 | Queue | Villager (Male) |
| 23:47 | Queue | Villager (Male) |
| 24:33 | Research | Padded Archer Armor |
| 24:33 | Research | Padded Archer Armor |
| 24:54 | Queue | Villager (Male) |
| 25:03 | Research | Town Watch |
| 25:03 | Research | Town Watch |
| 25:04 | Queue | Villager (Male) |
| 25:12 | Queue | Villager (Male) |
| 25:21 | Queue | Villager (Male) |
Match timeline
| 1:18 | Fs.ShaDoWn · first_building Barracks |
| 5:54 | WryPig · first_building Barracks |
| 7:06 | WryPig · wall_segment Palisade Wall x1 |
| 7:08 | WryPig · wall_segment Palisade Wall x1 |
| 7:35 | WryPig · wall_segment Palisade Wall x1 |
| 7:37 | WryPig · wall_segment Palisade Wall x1 |
| 7:41 | WryPig · wall_segment Palisade Wall x1 |
| 7:56 | WryPig · wall_segment Palisade Wall x1 |
| 9:24 | WryPig · age_up feudal |
| 9:28 | WryPig · first_building Archery Range |
| 10:52 | WryPig · wall_segment Palisade Wall x1 |
| 11:12 | Fs.ShaDoWn · wall_segment Palisade Wall x6 |
| 11:20 | WryPig · wall_segment Palisade Wall x1 |
| 12:15 | Fs.ShaDoWn · age_up feudal |
| 12:17 | Fs.ShaDoWn · first_building Archery Range |
| 14:13 | Fs.ShaDoWn · wall_segment Palisade Wall x1 |
| 14:13 | WryPig · wall_segment Palisade Wall x12 |
| 15:00 | WryPig · first_market_buy 100 food |
| 15:01 | WryPig · first_market_sell 100 wood |
| 17:32 | WryPig · wall_segment Palisade Wall x1 |
| 18:49 | Fs.ShaDoWn · first_market_sell 100 wood |
| 18:51 | Fs.ShaDoWn · first_market_buy 100 food |
| 19:56 | WryPig · age_up castle |
| 22:01 | Fs.ShaDoWn · wall_segment Palisade Wall x1 |
| 22:33 | Fs.ShaDoWn · wall_segment Palisade Wall x1 |
| 22:47 | WryPig · first_building Siege Workshop |
| 22:59 | Fs.ShaDoWn · age_up castle |
| 25:37 | Fs.ShaDoWn · first_building Siege Workshop |
| 30:04 | Fs.ShaDoWn · first_building Monastery |
| 31:22 | WryPig · first_building Stable |
| 31:38 | Fs.ShaDoWn · wall_segment Palisade Wall x6 |
| 33:46 | Fs.ShaDoWn · first_building Castle |
| 33:56 | WryPig · first_building Castle |
| 38:15 | WryPig · first_building Monastery |
| 38:25 | Fs.ShaDoWn · first_building Stable |
| 39:22 | Fs.ShaDoWn · age_up imperial |
| 39:49 | WryPig · age_up imperial |
| 41:35 | WryPig · wall_segment Stone Wall x40 |
| 45:16 | WryPig · wall_segment Stone Wall x25 |
| 45:54 | Fs.ShaDoWn · resign |
[ AI ANALYSIS · 1 CREDIT ]
What really happened in this match?
Wolo.gg analyzes every decision: build order, eco, micro, common mistakes by bracket. Personalized analysis on WhatsApp or Discord in 30 seconds.
Civ guide
Tatars
Perfil
Jugador #4039792